 Dungeon Crawl Stone Soup version 0.31-a0-1529-g7bd419a0e5 (webtiles) character file.

Game seed: 17497774533431182249

3136 dialectric the Trooper (level 9, -9/93 HPs)
             Began as a Troll Shapeshifter on Jan 1, 2024.
             Was a High Priest of Lugonu.
             Mangled by Erica
             ... wielding a +3 scimitar of flaming
              (16 damage)
             ... on level 7 of the Dungeon.
             The game lasted 00:09:25 (5021 turns).

dialectric the Trooper (Troll Shapeshifter)         Turns: 5021, Time: 00:09:26

Health: -9/93      AC:  4    Str: 32    XL:     9   Next: 61%
Magic:  8/8        EV: 11    Int:  6    God:    Lugonu [*****.]
Gold:   337        SH:  0    Dex: 11    Spells: 8/8 levels left

rFire   . . .        w - +6 war axe "Kipan" {flame, rN+}
rCold   . . .        (no shield)
rNeg    + . .        a - +0 animal skin
rPois   +            (helmet currently unavailable)
rElec   .            (cloak currently unavailable)
rCorr   .            (gloves unavailable)
SInv    .            (boots unavailable)
Will    .....        (no amulet)
Stlth   +            e - +6 ring of strength
HPRegen 1.15/turn    E - ring of poison resistance
MPRegen 0.11/turn

%: no passive effects
@: beast-form
A: beast (slay +3), large, unfitting armour, claws 3, regeneration 1, shaggy fur
1, tough skin 1
a: Begin Untransformation, Renounce Religion, Depart the Abyss, Banish, Corrupt,
Enter the Abyss


You were on level 7 of the Dungeon.
You worshipped Lugonu.
Lugonu was extremely pleased with you.
You were a hulking beast.
You visited 1 branch of the dungeon, and saw 8 of its levels.

You collected 415 gold pieces.
You spent 78 gold pieces at shops.

Inventory:

Hand Weapons
 k - the +8 long sword "Diyck" {heavy, Fly rElec rC-}
   (You found it on level 2 of the Dungeon)

   rC-:       It makes you vulnerable to cold.
   rElec:     It insulates you from electricity.
   Fly:       It grants you flight.
 w - the +6 war axe "Kipan" (weapon) {flame, rN+}
   (You took it off a goblin on level 3 of the Dungeon)

   rN+:       It protects you from negative energy.
 x - a +1 flail of protection
Missiles
 m - 9 poisoned darts
 B - a throwing net
 C - 4 silver javelins (quivered)
Armour
 a - a +0 animal skin (worn)
Jewellery
 e - a +6 ring of strength (left claw)
 t - an amulet of faith
 E - a ring of poison resistance (right claw)
Talismans
 c - a beast talisman
 d - a flux talisman
Wands
 r - a wand of roots (8)
 D - a wand of flame (12)
Scrolls
 i - a scroll of acquirement {unknown}
 j - 2 scrolls of identify
 l - 3 scrolls of amnesia {unknown}
 n - 2 scrolls of enchant weapon {unknown}
 s - 5 scrolls of teleportation
 v - a scroll of blinking {unknown}
 y - a scroll of brand weapon {unknown}
 A - 2 scrolls of enchant armour {unknown}
Potions
 b - 2 potions of lignification
 f - 3 potions of curing
 h - 2 potions of attraction
 p - 3 potions of enlightenment
 q - a potion of might
 u - a potion of invisibility
 z - a potion of magic


   Skills:
 * Level 7.0 Fighting
 - Level 2.3 Long Blades
 + Level 3.8 Axes
 + Level 5.2 Dodging
 - Level 4.0 Unarmed Combat
 + Level 6.3 Shapeshifting


You had 8 spell levels left.
You didn't know any spells.
Your spell library contained the following spells:

 Spells                   Type           Power      Damage    Failure   Level
 Summon Small Mammal      Summ           0%         N/A       45%         1
 Call Canine Familiar     Summ           0%         N/A       83%         3
 Fugue of the Fallen      Necr           0%         N/A       83%         3
 Ozocubu's Armour         Ice            0%         N/A       83%         3
 Manifold Assault         Tloc           0%         N/A       99%         4
 Summon Blazeheart Golem  Fire/Summ      0%         N/A       99%         4


Dungeon Overview and Level Annotations

Branches:
Dungeon (8/15)             Temple (0/1) D:6
   Lair: D:8-11

Altars:
Ashenzari
Elyvilon
Gozag
Sif Muna
Trog
Yredelemnul
Lugonu

Shops:
D:1 =?([*   D:7 *

Annotations:
D:8 Erica


Innate Abilities, Weirdness & Mutations

You are a hulking beast.
Your limbs bulge with bestial killing power. (Slay +3)
You are too large for most types of armour.
You have claws for hands.
Your natural rate of healing is unusually fast.
You are covered in fur. (AC +1)
You have tough skin. (AC +1)


Message History

The gnoll sergeant closely misses you. The gnoll attacks as it pursues you!
The gnoll misses you.
The gnoll sergeant attacks as it pursues you!
The gnoll sergeant hits you from afar with a +1 spear of flaming.
The gnoll sergeant burns you. The gnoll attacks as it pursues you!
The gnoll hits you from afar with a +0 spear.
There is a stone staircase leading up here.
You hear some strange, mumbled words.
A bolt of poison appears from out of thin air!
The bolt of poison misses you. The gnoll sergeant closely misses you.
The gnoll hits you from afar with a +0 spear.
Something hits you!! Something burns you!
There is a stone staircase leading up, spattered with blood here.
The gnoll sergeant closely misses you.
The gnoll hits you from afar with a +0 spear!
The gnoll hits you with a +0 club. Something hits you. Something burns you.
You climb upwards.
Reactivating autopickup.
There is a stone staircase leading down here.
Unknown command.
Unknown command.
Deactivating autopickup; reactivate with Ctrl-A.
You barely miss something. You claw something! You slash the gnoll!
You burn the gnoll. The gnoll closely misses you. Something hits you.
Something burns you.
* * * LOW HITPOINT WARNING * * *
Unknown command.
You barely miss something. You barely miss the gnoll.
The gnoll hits you with a +0 club.
* * * LOW HITPOINT WARNING * * *
Something hits you!
* * * LOW HITPOINT WARNING * * *
Something burns you.
* * * LOW HITPOINT WARNING * * *
The gnoll hits you with a +0 club.
* * * LOW HITPOINT WARNING * * *
Something hits you!
You die...

.......## ###....##..........##
#....#..# ####..#..........##
#....##.######## #..#..........##
...#.##........# #..#..........##
...#..##.......# #..#..........).
...............# ##..............
<...........)..# ##..#####......
.........)..[..### #.............
................h###...####....#.
...............g{.....##.....<.#.
.................#...............
#...#..........#<.#..............
#########...###..................
..###............................
...##............))......#.......
....#............[.......###...#.
.................))......# #.....


You could see a gnoll.

Vanquished Creatures
  Grinder (D:5)
  Edmund (D:5)
  2 water moccasins
  An ice beast (D:6)
  2 black bears
  An ogre (D:7)
  A centaur (D:5)
  A phantom (D:7)
  2 gnoll sergeants
  A bullfrog (D:6)
  4 scorpions
  11 killer bees
  3 howler monkeys (D:7)
  2 electric eels (D:7)
  5 hounds
  A jelly (D:4)
  3 orc priests (D:6)
  4 iguanas
  9 orc wizards
  18 gnolls
  9 adders
  A shadow imp (D:6)
  A white imp (D:5)
  2 adder zombies (D:3)
  3 dart slugs
  A ribbon worm (D:2)
  39 orcs
  5 endoplasms
  2 giant cockroaches (D:1)
  8 goblins
  5 hobgoblins
  7 jackals
  12 kobolds
  2 quokkas
  5 ball pythons
  6 bats
  3 frilled lizards
  4 rats
188 creatures vanquished.

Notes
Turn   | Place    | Note
-------+----------+-------------------------------------------
     0 | D:1      | dialectric the Troll Shapeshifter began the quest for the
                  | Orb.
     0 | D:1      | Reached XP level 1. HP: 18/18 MP: 0/0
    27 | D:1      | Found a faded altar of an unknown god.
    71 | D:1      | Prayed at the altar of an unknown god.
    71 | D:1      | Became a worshipper of Lugonu the Unformed
    71 | D:1      | Reached * piety under Lugonu
    90 | D:1      | Found Tonuxiej's General Store.
   172 | D:1      | Found Naibazaq's Jewellery Boutique.
   195 | D:1      | Reached skill level 1 in Fighting
   243 | D:1      | Reached XP level 2. HP: 27/27 MP: 1/1
   353 | D:1      | Found Qitoze's Armour Shoppe.
   422 | D:1      | Found Suek Tek's Magic Scroll Boutique.
   433 | D:1      | Found Xoofifiky's Weapon Boutique.
   617 | D:2      | Identified the +8 long sword "Diyck" {heavy, Fly rElec rC-}
   671 | D:2      | Reached ** piety under Lugonu
   685 | D:2      | Reached XP level 3. HP: 33/33 MP: 2/2
  1144 | D:3      | Identified the +6 war axe "Kipan" {flame, rN+}
  1237 | D:3      | Reached XP level 4. HP: 41/41 MP: 3/3
  1241 | D:3      | Found a basalt altar of Yredelemnul.
  1302 | D:3      | Found a shimmering blue altar of Sif Muna.
  1461 | D:3      | Reached *** piety under Lugonu
  1491 | D:3      | Found a broken altar of Ashenzari.
  1699 | D:1      | Bought a scroll of teleportation for 39 gold pieces
  1699 | D:1      | Bought a potion of curing for 39 gold pieces
  1783 | D:3      | Reached skill level 2 in Fighting
  1783 | D:3      | Reached skill level 1 in Long Blades
  1805 | D:3      | Reached XP level 5. HP: 15/49 MP: 4/4
  2022 | D:3      | Reached XP level 6. HP: 33/59 MP: 5/5
  2202 | D:4      | Reached skill level 3 in Fighting
  2533 | D:5      | Entered Level 5 of the Dungeon
  2572 | D:5      | Reached **** piety under Lugonu
  2594 | D:5      | Reached XP level 7. HP: 67/67 MP: 6/6
  2660 | D:5      | Noticed Edmund
  2667 | D:5      | Killed Edmund
  2668 | D:5      | Reached skill level 4 in Fighting
  2699 | D:5      | Reached skill level 1 in Axes
  2837 | D:5      | Noticed Grinder
  2855 | D:5      | Killed Grinder
  2856 | D:5      | Reached XP level 8. HP: 58/79 MP: 7/7
  3186 | D:6      | Found an opulent altar of Gozag.
  3198 | D:6      | Reached skill level 5 in Shapeshifting
  3223 | D:6      | Reached skill level 5 in Fighting
  3518 | D:6      | Reached XP level 9. HP: 83/89 MP: 8/8
  3519 | D:6      | Reached ***** piety under Lugonu
  3523 | D:6      | Reached skill level 6 in Fighting
  3613 | D:6      | Found a bloodstained altar of Trog.
  3822 | D:6      | Found a staircase to the Ecumenical Temple.
  4360 | D:7      | Reached skill level 5 in Dodging
  4535 | D:7      | Found a white marble altar of Elyvilon.
  4621 | D:7      | Found Viqiutau's Assorted Antiques.
  4942 | D:7      | Reached skill level 7 in Fighting
  4996 | D:8      | Noticed Erica
  5021 | D:7      | Mangled by Erica

Illustrated notes

Levels and vault maps discovered:
D:1:      psy_arrival_statuary, layout_loops_cross,
          ebering_ecumenical_altar_petrified, serial_shops, shop,
          nicolae_shop_statue_plus, shop, shop, nicolae_lakefront_shop
D:2:      layout_basic
D:3:      layout_rooms, evilmike_ruin_ashenzari,
          lemuel_zombie_altar_yredelemnul, mainiacjoe_overflow_24_doors
D:4:      layout_cave_pools, serial_forest, infiniplex_forest_corner_2,
          infiniplex_forest_clump_curved, infiniplex_forest_straight_2,
          infiniplex_forest_lined_room_2, hex_medium
D:5:      layout_basic, uniq_edmund, uniq_grinder
D:6:      black_bear_nest_2, layout_loops_ring, old_standard_altar,
          mainiacjoe_overflow_tiny_flanked, temple_green,
          hangedman_abyss_or_decor_jellyfish_corner, skrybe_limestone_x
D:7:      lemuel_ice_spiral_2, layout_rooms, nicolae_elyvilon_temple_path,
          serial_shops, shop, minmay_fountain_box
D:8:      cheibrodos_quashed, layout_rooms, mainiacjoe_overflow_alcove_2,
          grunt_temple_overflow_open, mainiacjoe_ossuary_entry_find_the_door,
          moated_statue, uniq_erica, uniq_jeremiah

Skill      XL: |  1  2  3  4  5  6  7  8  9 |
---------------+----------------------------+-----
Fighting       | 1 2 3 4 5 7 |  7.0
Dodging        | 2 3 4 5 |  5.2
Long Blades    | 1 2 |  2.3
Unarmed Combat | 4 |  4.0
Shapeshifting  | 4 5 6 |  6.3
Axes           | 1 2 3 |  3.8

Action                     |  1- 3 |  4- 6 |  7- 9 || total
---------------------------+-------+-------+-------++-------
  Melee: Unarmed           |    33 |       |       ||    33
         Long sword        |    41 |   105 |     5 ||   151
         War axe           |       |     6 |   208 ||   214
         Punch             |       |     1 |     7 ||     8
    Use: Scroll            |       |     5 |     4 ||     9
         Potion            |       |       |     6 ||     6
   Stab: Sleeping          |     2 |       |       ||     2
 Armour: Animal skin       |    50 |   150 |   263 ||   463
         Skin              |       |       |    65 ||    65
  Dodge: Dodged            |    43 |   114 |   185 ||   342

Table legend: (Time is in decaauts)
 A = Elapsed time spent in this place.
 B = Non-inter-level travel time spent in this place.
 C = Inter-level travel time spent in this place.
 D = Time resting spent in this place.
 E = Time spent auto-exploring this place.
 F = Levels seen in this place.
 G = Mean time per level.
                   A        B        C        D        E       F      G
               +--------+--------+--------+--------+--------+-----+--------+
         Total |   5269 |   4939 |    330 |    140 |   3256 |   8 |  658.6 |
       Dungeon |   5269 |   4939 |    330 |    140 |   3256 |   8 |  658.6 |
               +--------+--------+--------+--------+--------+-----+--------+

Top non-repeatable levels by time:
     D:6: 972 daAuts
     D:7: 858 daAuts
     D:3: 853 daAuts
     D:5: 714 daAuts
     D:1: 674 daAuts
     D:4: 637 daAuts
     D:2: 523 daAuts
     D:8: 36 daAuts
